 Dungeon Crawl Stone Soup version 0.23-a0-673-g3803c42f16 (webtiles) character file.

52 LLavrengius the Skirmisher (level 3, -2/29 HPs)
             Began as a Demonspawn Artificer on Jan 9, 2019.
             Killed from afar by Sigmund (5 damage)
             ... with a wand of flame (18)
             ... on level 2 of the Dungeon.
             The game lasted 00:06:57 (1699 turns).

LLavrengius the Skirmisher (Demonspawn Artificer)   Turns: 1699, Time: 00:06:57

Health: -2/29      AC:  3    Str: 13    XL:     3   Next: 60%
Magic:  5/5        EV: 12    Int: 12    God:
Gold:   47         SH:  0    Dex: 15    Spells: 2/2 levels left

rFire    . . .     SeeInvis .   a - +0 short sword
rCold    . . .     Gourm    .   (no shield)
rNeg     . . .     Faith    .   b - +0 leather armour
rPois    .         Spirit   .   (no helmet)
rElec    .         Reflect  .   (no cloak)
rCorr    .         Harm     .   (no gloves)
MR       .....                  (no boots)
Stlth    +++.......             (no amulet)
HPRegen  0.09/turn              h - +2 ring of dexterity
MPRegen  0.09/turn              (no ring)

@: no status effects
A: demonic guardian 1, nightstalker 1
a: no special abilities


You were on level 2 of the Dungeon.
You were very hungry.

You visited 1 branch of the dungeon, and saw 2 of its levels.

You collected 47 gold pieces.

Inventory:

Hand Weapons
 a - a +0 short sword (weapon)
Missiles
 k - a throwing net (quivered)
Armour
 b - a +0 leather armour (worn)
Jewellery
 h - a +2 ring of dexterity (left hand)
Wands
 c - a wand of flame (10)
 d - a wand of enslavement (9)
 e - a wand of random effects (15)
Scrolls
 g - a scroll of enchant armour {unknown}
 i - a scroll of immolation {unknown}
 m - 2 scrolls of enchant weapon {unknown}
 o - a scroll of teleportation {unknown}
Potions
 j - a potion of brilliance {unknown}
 l - a potion of flight {unknown}
 n - a potion of might {unknown}
Comestibles
 f - 3 rations


   Skills:
 + Level 3.1 Fighting
 + Level 1.2 Short Blades
 - Level 2.0 Dodging
 + Level 1.2 Stealth
 - Level 3.0 Evocations


You had 2 spell levels left.
You didn't know any spells.
Your spell library was empty.

Dungeon Overview and Level Annotations

Branches:
Dungeon (2/15)

Altars:

Annotations:
D:2 Sigmund


Innate Abilities, Weirdness & Mutations

A weak demonic guardian rushes to your aid.
You are slightly more attuned to the shadows.


Message History

You feel less confused.
You hit something. Something hits you!
* * * LOW HITPOINT WARNING * * *
You completely miss something.
You hear some strange, mumbled words.
A puff of flame appears from out of thin air!
The puff of flame misses you.
You closely miss something. Something hits you but does no damage.
You hit something. You miss something. Something hits you.
* * * LOW HITPOINT WARNING * * *
You hit something.
You hear some strange, mumbled words.
A puff of flame appears from out of thin air!
The puff of flame misses you.
You closely miss something.
You hear a zap.
A puff of flame appears from out of thin air!
The puff of flame hits you!
You die...

#.##.###.#
#........#
####.#####
#.#####.#
#.......###
#.........#
..#######.#
####.#####
#......5@#
....##.###{#
.#. #.# #.#
.. ... #.# .
###. #.# .
#.# ...


You could see a friendly white imp.

Vanquished Creatures
  A gnoll (D:2)
  2 dart slugs (D:1)
  A leopard gecko (D:1)
  3 giant cockroaches (D:1)
  A hobgoblin (D:1)
  A jackal (D:1)
  5 kobolds (D:1)
  2 bats (D:1)
  3 frilled lizards (D:1)
  3 goblins
  2 rats (D:1)
24 creatures vanquished.

Vanquished Creatures (collateral kills)
  2 gnolls (D:2)
  A jackal (D:1)
  2 kobolds (D:1)
5 creatures vanquished.

Vanquished Creatures (others)
  2 jackals (D:1)
  A kobold (D:1)
  A ball python (D:1)
4 creatures vanquished.

Grand Total: 33 creatures vanquished

Notes
Turn   | Place    | Note
-------+----------+-------------------------------------------
     0 | D:1      | LLavrengius the Demonspawn Artificer began the quest for
                  | the Orb.
     0 | D:1      | Reached XP level 1. HP: 15/15 MP: 3/3
   419 | D:1      | Gained mutation: A weak demonic guardian rushes to your
                  | aid. [demonic ancestry]
   419 | D:1      | Reached XP level 2. HP: 19/22 MP: 4/4
  1150 | D:1      | Gained mutation: You are slightly more attuned to the
                  | shadows. [demonic ancestry]
  1150 | D:1      | Reached XP level 3. HP: 28/28 MP: 5/5
  1345 | D:2      | Reached skill level 1 in Short Blades
  1345 | D:2      | Reached skill level 1 in Stealth
  1352 | D:2      | HP: 1/29 [gnoll/+0 spear (7)]
  1683 | D:2      | Noticed Sigmund
  1699 | D:2      | Killed from afar by Sigmund

Vault maps used:
D:1:      giann_wishing_wells
D:2:      marbit_many_paths, nicolae_ru_path_of_blood, first_ration,
          uniq_sigmund, uniq_terence

Skill      XL: |  1  2  3 |
---------------+----------+-----
Dodging        | 2 |  2.0
Fighting       | 2 3 |  3.1
Short Blades   | 1 |  1.2
Stealth        | 1 |  1.2
Evocations     | |  3.0

Action                   || total
-------------------------++-------
Melee: Short sword       ||   104
Evoke: Wand              ||    11
 Stab: Sleeping          ||     2
  Eat: Chunk             ||     1
Armor: Leather armour    ||    31
Dodge: Dodged            ||    75

Table legend:
 A = Non-vault XP
 B = Vault XP
 C = Vault XP percentage of total XP
 D = Non-vault monster count
 E = Vault monster count
 F = Vault count percentage of total count
                 A         B        C        D         E       F
            +---------+---------+-------+---------+---------+-------
      Total |      75 |       0 |   0.0 |      31 |       0 |   0.0
            +---------+---------+-------+---------+---------+-------
        D:1 |      44 |       0 |   0.0 |      27 |       0 |   0.0
        D:2 |      31 |       0 |   0.0 |       4 |       0 |   0.0
            +---------+---------+-------+---------+---------+-------
